 Dungeon Crawl Stone Soup version 0.27-a0-1277-g3808f8b1c9 (webtiles) character file.

Game seed: 3249159524288201155

9377 Glokmah the Covert (level 11, -1/73 HPs)
             Began as an Octopode Artificer on June 12, 2021.
             Was an Initiate of Gozag.
             Slain by an orc knight (28 damage)
             ... on level 11 of the Dungeon.
             The game lasted 00:30:39 (14808 turns).

Glokmah the Covert (Octopode Artificer)            Turns: 14808, Time: 00:30:39

Health: -1/73      AC:  1    Str: 24    XL:     11   Next: 45%
Magic:  11/11      EV: 21    Int: 19    God:    Gozag
Gold:   1003       SH:  0    Dex: 18    Spells: 9/10 levels left

rFire    + . .     SeeInvis .   b - +10 long sword "Dragonslayer" {elec, rElec rPois Dex-2 Stlth+}
rCold    . . .     Faith    .   (no shield)
rNeg     . . .     Spirit   .   (helmet restricted)
rPois    +         Reflect  .   (no amulet)
rElec    +         Harm     .   m - ring of protection from cold
rCorr    +         Rampage  .   p - ring of resist corrosion
Will     .....                  A - ring of Anarchy {rPois EV+4 Dex+4}
Stlth    +++++++...             x - +6 ring of intelligence
HPRegen  0.22/turn              F - +6 ring of strength
MPRegen  0.12/turn              s - +6 ring of strength
                                w - ring of fire
                                (no ring)

@: no status effects
A: almost no armour, amphibious, 8 rings, camouflage 1, gelatinous body 1,
(nimble swimmer 1), tentacles
a: Renounce Religion, Potion Petition, Call Merchant, Bribe Branch


You were on level 11 of the Dungeon.
You worshipped Gozag.
Gozag was most pleased with you.
You visited 1 branch of the dungeon, and saw 11 of its levels.

You collected 1693 gold pieces.
You paid 690 gold pieces to Gozag.

Inventory:

Hand Weapons
 a - a +6 dagger of venom
 b - the +10 long sword "Dragonslayer" (weapon) {elec, rElec rPois Dex-2 Stlth+}
   (You took it off an orc wizard on level 7 of the Dungeon)

   Occasionally, upon striking a foe, it can discharge electrical energy and
   cause terrible harm.
   It affects your dexterity (-2).
   It insulates you from electricity.
   It protects you from poison.
   It makes you more stealthy.
 t - a +4 dagger of flaming
Missiles
 j - 160 stones
 l - 15 javelins
 u - 10 poisoned darts
 v - 4 boomerangs
 E - a throwing net
Armour
 G - a +0 buckler
Magical Staves
 C - a staff of conjuration
Jewellery
 m - a ring of protection from cold (left tentacle)
 p - a ring of resist corrosion (right tentacle)
 s - a +6 ring of strength (on tentacle)
 w - a ring of fire (on tentacle)
 x - a +6 ring of intelligence (on tentacle)
 A - the ring of Anarchy (on tentacle) {rPois EV+4 Dex+4}
   (You found it on level 5 of the Dungeon)

   [ring of evasion]

   It affects your evasion (+4).
   It affects your dexterity (+4).
   It protects you from poison.
 F - a +6 ring of strength (on tentacle)
Wands
 c - a wand of charming (14)
 i - a wand of flame (58) (quivered)
 y - a wand of polymorph (9)
Scrolls
 k - a scroll of fear
 n - a scroll of fog
 q - a scroll of amnesia
 D - 2 scrolls of teleportation
 H - a scroll of torment
 I - a scroll of blinking {unknown}
Potions
 e - 4 potions of lignification
 f - 2 potions of brilliance
 g - a potion of degeneration
 h - 6 potions of curing
 o - 3 potions of haste
 r - 2 potions of cancellation
 z - a potion of berserk rage
 B - a potion of magic
 J - a potion of invisibility {unknown}
Miscellaneous
 d - a piece from Xom's chessboard (13/15)


   Skills:
 + Level 6.3 Fighting
 * Level 8.8(9.6) Short Blades
 * Level 5.9(8.2) Long Blades
 + Level 5.9 Throwing
 + Level 6.8 Dodging
 - Level 12.0 Stealth
 - Level 4.1 Evocations


You had 9 spell levels left.
You knew the following spells:

 Your Spells              Type           Power      Damage    Failure   Level
a - Apportation           Tloc           0%         N/A       21%         1

Your spell library contained the following spells:

 Spells                   Type           Power      Damage    Failure   Level
 Confusing Touch          Hex            0%         N/A       52%         3
 Gell's Gravitas          Tloc           0%         N/A       52%         3
 Lesser Beckoning         Tloc           0%         N/A       52%         3
 Tukima's Dance           Hex            0%         N/A       52%         3
 Petrify                  Tmut/Erth      0%         N/A       90%         4
 Alistair's Intoxication  Tmut/Pois      0%         N/A       99%         5
 Metabolic Englaciation   Hex/Ice        0%         N/A       99%         5
 Yara's Violent Unravell  Hex/Tmut       0%         3d3       99%         5
 Invisibility             Hex            0%         N/A       100%        6


Dungeon Overview and Level Annotations

Branches:
Dungeon (11/15)            Temple (0/1) D:5
   Lair: D:8-11         Orc: D:9-12

Altars:
Gozag
Hepliaklqana
Okawaru
Ru
Sif Muna
Vehumet
Xom
Yredelemnul
Zin

Shops:
D:5 *


Innate Abilities, Weirdness & Mutations

You cannot wear most types of armour.
You are amphibious.
You can wear up to eight rings at the same time.
Your skin changes colour to match your surroundings (Stealth+).
Your rubbery body absorbs attacks. (AC +1, EV +1)
((You are camouflaged near water. (Stealth+)))
You have tentacles for arms and can constrict up to eight enemies at once.


Message History

The puff of flame hits the orc knight.
The orc knight is lightly wounded.
Aiming: Throw Flame
Press: ? - help, Q - select action, (/) - cycle Shift-Dir - straight line, f/p - orc knight
Aim: an orc knight, wielding a +3 battleaxe and wearing a +0 plate armour (lightly wounded, extremely poisoned, 71% to hit)
The puff of flame hits the orc knight but does no damage.
The orc knight is lightly wounded.
Aiming: Throw Flame
Press: ? - help, Q - select action, (/) - cycle Shift-Dir - straight line, f/p - orc knight
Aim: an orc knight, wielding a +3 battleaxe and wearing a +0 plate armour (lightly wounded, extremely poisoned, 71% to hit)
The puff of flame hits the orc knight but does no damage.
The orc knight is lightly wounded.
Aiming: Throw Flame
Press: ? - help, Q - select action, (/) - cycle Shift-Dir - straight line, f/p - orc knight
Aim: an orc knight, wielding a +3 battleaxe and wearing a +0 plate armour (lightly wounded, extremely poisoned, 71% to hit)
The puff of flame hits the orc knight!
The orc knight is moderately wounded.
Your +6 dagger of venom stops dripping with poison.
You feel clumsy.
You hear the crackle of electricity.
b - the +10 long sword "Dragonslayer" (weapon)
{elec, rElec rPois Dex-2 Stlth+} The orc knight closely misses you.
You riposte.
You hit the orc knight. You grab the orc knight.
You squeeze the orc knight, but do no damage.
The orc knight is moderately wounded.
You slash the orc knight! You squeeze the orc knight!
The orc knight is severely wounded.
You constrict the orc knight, but do no damage.
The orc knight hits you with a +3 battleaxe!!
You hit the orc knight but do no damage.
Your squeeze misses the orc knight.
The orc knight is severely wounded.
You constrict the orc knight, but do no damage.
The orc knight hits you with a +3 battleaxe!!
You hit the orc knight. You squeeze the orc knight.
The orc knight is severely wounded.
You constrict the orc knight.
The orc knight hits you with a +3 battleaxe!!
You die...
Your body crumbles into a pile of gold.

###################### ######
.....................# #....#
....................# #....#
...................##### #.....
## #....................# #.....
... #..........o@........###.....
....#...........(................
....'.....(..###.................
....#........#.#.................
### #........#.##'######)########
..........#...................
#######....#...................
#.....######........#####'#....
#............###'####.....#....


You could see an orc knight (very poisoned).

Vanquished Creatures
  3 two-headed ogres
  A cyclops (D:11)
  A manticore (D:7)
  A hornet (D:10)
  A meliai zombie (D:10)
  4 yaks (D:10)
  A wyvern (D:8)
  A steam dragon (D:7)
  A vampire mosquito (D:7)
  5 water moccasins
  A sky beast (D:7)
  A hornet zombie (D:7)
  6 orc warriors
  5 necrophages
  3 ogres
  4 centaurs
  A kobold brigand (D:10)
  3 bullfrogs
  4 scorpions
  A water moccasin zombie (D:7)
  9 killer bees
  8 wights
  4 howler monkeys
  5 centaur zombies
  A bullfrog skeleton (D:7)
  3 hounds
  8 orc priests
  2 jellies
  2 gnoll shamans (D:7)
  Ijyb (D:2)
  15 orc wizards
  A killer bee zombie (D:7)
  A hound zombie (D:5)
  A hound skeleton (D:3)
  2 howler monkey zombies
  6 adders
  4 gnolls (D:5)
  2 howler monkey skeletons
  2 white imps
  An ufetubus (D:5)
  An adder zombie (D:3)
  3 adder skeletons
  2 dart slugs (D:1)
  40 orcs
  5 endoplasms
  A giant cockroach (D:1)
  9 goblins
  8 hobgoblins
  15 jackals
  9 quokkas
  12 ball pythons
  4 bats
  3 frilled lizards
  11 kobolds
  4 rats
253 creatures vanquished.

Vanquished Creatures (others)
  25 plants (D:11)
25 creatures vanquished.

Grand Total: 278 creatures vanquished

Notes
Turn   | Place    | Note
-------+----------+-------------------------------------------
     0 | D:1      | Glokmah the Octopode Artificer began the quest for the Orb.
     0 | D:1      | Reached XP level 1. HP: 13/13 MP: 1/1
   140 | D:1      | Reached XP level 2. HP: 9/18 MP: 2/2
   340 | D:1      | Reached skill level 2 in Stealth
   455 | D:1      | Reached XP level 3. HP: 16/23 MP: 3/3
   909 | D:1      | Reached skill level 1 in Short Blades
  1019 | D:1      | Found a faded altar of an unknown god.
  1867 | D:2      | Reached XP level 4. HP: 28/28 MP: 4/4
  1879 | D:2      | Reached skill level 3 in Stealth
  2833 | D:3      | Noticed Ijyb
  2833 | D:3      | Noticed an ogre
  2845 | D:2      | Killed Ijyb
  2846 | D:2      | Reached XP level 5. HP: 16/34 MP: 5/5
  3406 | D:3      | Noticed a necrophage
  3418 | D:3      | Killed a necrophage
  3419 | D:3      | Reached skill level 1 in Throwing
  3419 | D:3      | Reached skill level 4 in Stealth
  3419 | D:3      | Reached XP level 6. HP: 36/39 MP: 6/6
  4110 | D:4      | Reached skill level 5 in Stealth
  4110 | D:4      | Reached XP level 7. HP: 45/45 MP: 7/7
  4668 | D:4      | Found an opulent altar of Gozag.
  4675 | D:4      | Became a worshipper of Gozag Ym Sagoz the Greedy
  4711 | D:4      | Found a radiant altar of Vehumet.
  4772 | D:4      | Reached skill level 6 in Stealth
  5284 | D:4      | Found a shimmering blue altar of Sif Muna.
  5433 | D:4      | Found a glowing silver altar of Zin.
  5547 | D:5      | Entered Level 5 of the Dungeon
  5655 | D:5      | Found Zaes Seoq's Assorted Antiques.
  5689 | D:5      | Reached XP level 8. HP: 52/52 MP: 8/8
  6038 | D:5      | Found a staircase to the Ecumenical Temple.
  6657 | D:5      | Identified the ring of Anarchy {rPois EV+4 Dex+4}
  7042 | D:6      | Reached skill level 7 in Stealth
  7479 | D:6      | Found a basalt altar of Yredelemnul.
  7549 | D:6      | Found a sacrificial altar of Ru.
  7609 | D:6      | Reached skill level 5 in Short Blades
  7880 | D:7      | Noticed a two-headed ogre
  8246 | D:7      | Reached skill level 8 in Stealth
  8290 | D:7      | Reached XP level 9. HP: 51/58 MP: 9/9
  8989 | D:7      | Reached skill level 5 in Dodging
  9104 | D:7      | Found an iron altar of Okawaru.
  9142 | D:7      | Reached skill level 9 in Stealth
  9744 | D:7      | Identified the +10 long sword "Dragonslayer" {elec, rElec
                  | rPois Dex-2 Stlth+}
  9787 | D:7      | Reached skill level 1 in Long Blades
 10381 | D:7      | Reached skill level 5 in Fighting
 10442 | D:7      | Noticed a manticore
 10449 | D:7      | Reached skill level 10 in Stealth
 10456 | D:7      | Killed a manticore
 10457 | D:7      | Reached XP level 10. HP: 31/66 MP: 10/10
 10761 | D:7      | Killed a two-headed ogre
 11082 | D:8      | Reached skill level 5 in Throwing
 11764 | D:8      | Reached skill level 11 in Stealth
 12138 | D:9      | Noticed a two-headed ogre
 12146 | D:9      | Killed a two-headed ogre
 12482 | D:9      | Reached XP level 11. HP: 72/72 MP: 11/11
 12569 | D:9      | Learned a level 1 spell: Apportation
 12617 | D:9      | Reached skill level 5 in Long Blades
 12783 | D:10     | Entered Level 10 of the Dungeon
 12907 | D:10     | Found a shimmering altar of Xom.
 13679 | D:10     | Found a faded altar of an unknown god.
 13679 | D:10     | Found a hazy altar of Hepliaklqana.
 13679 | D:10     | Found a faded altar of an unknown god.
 14183 | D:11     | Noticed an orc knight
 14285 | D:11     | Noticed a two-headed ogre
 14296 | D:10     | Killed a two-headed ogre
 14297 | D:10     | Reached skill level 12 in Stealth
 14485 | D:11     | Noticed a cyclops
 14535 | D:11     | Killed a cyclops
 14808 | D:11     | Slain by an orc knight

Illustrated notes

Levels and vault maps discovered:
D:1:      eino_arrival_cavern_e, layout_basic, basic_ecumenical_altar
D:2:      layout_basic
D:3:      layout_basic, serial_undead, serial_undead_e, serial_undead_d,
          serial_undead_d, serial_undead_c, kennysheep_generic_room_8, uniq_ijyb
D:4:      layout_loops_corners, zin_scriptorium, lemuel_tele_altar,
          kennysheep_little_box, kennysheep_mini_moat, palyth_stone_intersect
D:5:      layout_basic, temple_fountains, serial_shops, shop,
          minmay_misc_feat_plants, roderic_roman_lattice, minivault_5
D:6:      layout_loops_ring, overflow_temple_1_default, nicolae_ru_awakened_eye,
          hangedman_abyss_or_decor_lesser_grid, kennysheep_small_square
D:7:      kennysheep_windowed_halls, layout_cave_pools, okawaru_gym_becter
D:8:      layout_cave_pools
D:9:      layout_roguey
D:10:     layout_stronghold, xom_teletrap_fun,
          nicolae_hepliaklqana_ecumenical_no_more
D:11:     layout_irregular_city, david_lair_shrubbed

Skill      XL: |  1  2  3  4  5  6  7  8  9 10 11 |
---------------+----------------------------------+-----
Stealth        | 2 3 4 5 6 8 10 11 12 | 12.0
Short Blades   | 1 2 3 4 5 7 8 |  8.8
Evocations     | 4 |  4.1
Fighting       | 2 3 4 5 6 |  6.3
Dodging        | 3 4 5 6 |  6.8
Throwing       | 1 2 3 4 5 |  5.9
Long Blades    | 3 4 5 |  5.9

Action                   |  1- 3 |  4- 6 |  7- 9 | 10-12 || total
-------------------------+-------+-------+-------+-------++-------
Melee: Short sword       |    71 |       |       |       ||    71
       Constrict         |    28 |    29 |    57 |    23 ||   137
       Tentacles         |    11 |    28 |    71 |    43 ||   153
       Club              |     3 |       |       |       ||     3
       Dagger            |    18 |    98 |   205 |    44 ||   365
       Long sword        |       |       |     6 |    84 ||    90
Throw: Dart              |       |    12 |    54 |    12 ||    78
       Javelin           |       |       |    13 |       ||    13
       Boomerang         |       |       |    30 |     7 ||    37
       Stone             |       |       |     2 |       ||     2
Invok: Potion Petition   |       |       |     2 |       ||     2
Evoke: Piece from Xom's  |     4 |     2 |     9 |     3 ||    18
       Wand              |     1 |       |     1 |     4 ||     6
  Use: Scroll            |       |     4 |    12 |     7 ||    23
 Stab: Sleeping          |     7 |     8 |    13 |    14 ||    42
       Paralysed         |     2 |     3 |       |       ||     5
       Distracted        |       |       |     1 |     1 ||     2
       Petrified         |       |       |       |     2 ||     2
Armor: Skin              |    11 |     4 |     5 |     3 ||    23
Dodge: Dodged            |    59 |    47 |   112 |   109 ||   327
       Rpst.: Long sword |       |       |     2 |    14 ||    16

Table legend: (Time is in decaauts)
 A = Elapsed time spent in this place.
 B = Non-inter-level travel time spent in this place.
 C = Inter-level travel time spent in this place.
 D = Time resting spent in this place.
 E = Time spent auto-exploring this place.
 F = Levels seen in this place.
 G = Mean time per level.
                   A        B        C        D        E       F      G
               +--------+--------+--------+--------+--------+-----+--------+
         Total |  14740 |  13362 |   1378 |   3252 |   6892 |  11 | 1340.0 |
       Dungeon |  14740 |  13362 |   1378 |   3252 |   6892 |  11 | 1340.0 |
               +--------+--------+--------+--------+--------+-----+--------+

Top non-repeatable levels by time:
     D:7: 3083 daAuts
     D:1: 1616 daAuts
    D:10: 1609 daAuts
     D:2: 1530 daAuts
     D:4: 1501 daAuts
     D:5: 1269 daAuts
     D:6: 1089 daAuts
     D:3: 933 daAuts
     D:8: 904 daAuts
     D:9: 848 daAuts
    D:11: 352 daAuts
